 Dungeon Crawl Stone Soup version 0.19.0-19-g8c6edcc (webtiles) character file.

394 Melicamp the Destroyer (level 6, 0/32 HPs)
             Began as a Tengu Conjurer on Nov 12, 2016.
             Was an Initiate of Vehumet.
             Succumbed to a scorpion's poison
             ... on level 4 of the Dungeon.
             The game lasted 00:49:03 (5657 turns).

Melicamp the Destroyer (Tengu Conjurer)             Turns: 5657, Time: 00:49:04

Health: 0/32       AC:  3    Str:  9    XL:     6   Next: 82%
Magic:  17/22      EV: 14    Int: 17    God:    Vehumet [......]
Gold:   168        SH:  0    Dex: 14    Spells: 3 memorised, 5 levels left

rFire  + . .     SeeInvis .     i - +1 dagger
rCold  + + .     Gourm    .     a - +0 robe
rNeg   . . .     Faith    .     (no shield)
rPois  +         Spirit   .     (helmet restricted)
rElec  +         Reflect  .     (no cloak)
rCorr  +         Harm     .     p - +0 pair of gloves
MR     .....                    (boots unavailable)
Stlth  ++........               (no amulet)
                                s - ring of protection from cold
                                o - ring of magical power

@: lethally poisoned (0 -> -15), resistant
A: beak, talons 3, able to fly 1
a: Fly, Renounce Religion


You were on level 4 of the Dungeon.
You worshipped Vehumet.
Vehumet was noncommittal.
You were not hungry.

You visited 1 branch of the dungeon, and saw 4 of its levels.

You collected 168 gold pieces.

Inventory:

Hand Weapons
 i - a +1 dagger (weapon)
Armour
 a - a +0 robe (worn)
 p - a +0 pair of gloves (worn)
Jewellery
 o - a ring of magical power (left hand)
 s - a ring of protection from cold (right hand)
Scrolls
 f - a scroll of teleportation
 h - a scroll of identify
 k - a scroll of immolation
 q - 2 scrolls of amnesia
 r - 2 scrolls of remove curse
Potions
 d - a potion of agility
 e - a potion of lignification
Books
 b - a book of Conjurations

   Spells                             Type                      Level
   a - Magic Dart                     Conjuration                  1
   b - Searing Ray                    Conjuration                  2
   c - Dazzling Spray                 Conjuration/Hexes            3
   d - Fulminant Prism                Conjuration/Hexes            4
   e - Iskenderun's Mystic Blast      Conjuration                  4
   f - Iskenderun's Battlesphere      Conjuration/Charms           5
 l - a book of Conjurations

   Spells                             Type                      Level
   a - Magic Dart                     Conjuration                  1
   b - Searing Ray                    Conjuration                  2
   c - Dazzling Spray                 Conjuration/Hexes            3
   d - Fulminant Prism                Conjuration/Hexes            4
   e - Iskenderun's Mystic Blast      Conjuration                  4
   f - Iskenderun's Battlesphere      Conjuration/Charms           5
Comestibles
 c - a bread ration
 g - 3 meat rations
 j - a chunk of flesh


   Skills:
 * Level 3.8 Dodging
 - Level 2.0 Stealth
 - Level 4.1 Spellcasting
 - Level 8.0 Conjurations


You had 5 spell levels left.
You knew the following spells:

 Your Spells              Type           Power        Failure   Level  Hunger
a - Magic Dart            Conj           ####         1%          1    None
b - Iskenderun's Mystic   Conj           ####....     8%          4    ####...
c - Dazzling Spray        Conj/Hex       ###...       10%         3    ###....


Dungeon Overview and Level Annotations

Branches:
Dungeon (4/15)
 Temple: D:4-7

Altars:
Cheibriados
Vehumet
Zin


Innate Abilities, Weirdness & Mutations

You have a beak for a mouth.
You have claws for feet.
You can fly.


Message History

Aim: a scorpion (heavily wounded)
The magic dart hits the scorpion.
The scorpion is heavily wounded.
You feel sick. The scorpion stings you.
* * * LOW HITPOINT WARNING * * *
As you read the scroll of immolation, it crumbles to dust.
The creatures around you are filled with an inner flame!
* * * LOW HITPOINT WARNING * * *
You feel sick. The scorpion misses you.
As you read the scroll of teleportation, it crumbles to dust.
You feel strangely unstable. The scorpion stings you.
* * * LOW HITPOINT WARNING * * *
You are more poisoned.
The scorpion poisons you!
It was a potion of resistance.
You feel protected.
* * * LOW HITPOINT WARNING * * *
You feel sick. The scorpion barely misses you.
Your surroundings suddenly seem different.
You die...

##.# #.##.# #.##.######.
...# #.##.######.#..# #..#
####.##.....#....##
##.####...[####.(...###
###.....#######.#<..##
#.##...## #...#....### #.
'._##..######.###.##...#
#>.
#.##..........###.####.# ..
###.....#######.@.....)##.#
##.....#######..#######..%#
#......###...^..# #....###
......##...##.###....####
##.#####.###.. ...## ##.#
##.# #.. . ##.## #..# ##
##..###.## ##.....#


There were no monsters in sight!

Vanquished Creatures
  An ogre (D:4)
  A bullfrog (D:4)
  A hound (D:3)
  2 worker ants (D:4)
  An orc wizard (D:4)
  6 adders
  3 worms
  5 dart slugs
  A leopard gecko (D:3)
  7 orcs
  2 giant cockroaches
  8 goblins
  4 hobgoblins
  11 kobolds
  A quokka (D:4)
  3 ball pythons
  8 bats
  7 frilled lizards
  6 rats
78 creatures vanquished.

Notes
Turn   | Place    | Note
-------+----------+-------------------------------------------
     0 | D:1      | Melicamp the Tengu Conjurer began the quest for the Orb.
     0 | D:1      | Reached XP level 1. HP: 10/10 MP: 4/4
   463 | D:1      | Reached XP level 2. HP: 15/15 MP: 4/6
   604 | D:1      | Reached skill level 6 in Conjurations
  1697 | D:2      | Reached XP level 3. HP: 19/19 MP: 2/7
  2243 | D:2      | Reached skill level 7 in Conjurations
  2394 | D:2      | Reached XP level 4. HP: 24/24 MP: 3/8
  2897 | D:3      | Learned a level 4 spell: Iskenderun's Mystic Blast
  3575 | D:3      | Gained mutation: You can fly. [Tengu growth]
  3575 | D:3      | Reached XP level 5. HP: 23/28 MP: 1/9
  3947 | D:3      | Reached skill level 8 in Conjurations
  4264 | D:3      | Learned a level 3 spell: Dazzling Spray
  4528 | D:4      | Noticed an ogre
  4539 | D:4      | Killed an ogre
  4539 | D:4      | Reached XP level 6. HP: 32/32 MP: 2/12
  4673 | D:4      | Noticed a slave
  5285 | D:4      | Found a glowing silver altar of Zin.
  5288 | D:4      | Found a snail-covered altar of Cheibriados.
  5311 | D:4      | Found a radiant altar of Vehumet.
  5316 | D:4      | Became a worshipper of Vehumet
  5656 | D:4      | HP: 1/32 [poisoned by a scorpion]
  5657 | D:4      | Succumbed to a scorpion's poison

Skill      XL: |  1  2  3  4  5  6 |
---------------+-------------------+-----
Conjurations   | 6 7 8 |  8.0
Spellcasting   | 3 4 |  4.1
Dodging        | 3 |  3.8
Stealth        | |  2.0

Action                   |  1- 3 |  4- 6 || total
-------------------------+-------+-------++-------
Melee: Dagger            |       |    13 ||    13
       Kick              |       |     2 ||     2
       Peck              |       |     1 ||     1
 Fire: Blowgun           |       |     2 ||     2
 Cast: Magic Dart        |    80 |   124 ||   204
       Iskenderun's Myst |       |     4 ||     4
  Use: Scroll            |     6 |     6 ||    12
       Potion            |       |     2 ||     2
  Eat: Chunk             |     1 |     6 ||     7
       Bread ration      |     1 |     2 ||     3
       Beef jerky        |       |     1 ||     1
Armor: Robe              |       |     7 ||     7
Dodge: Dodged            |     7 |    30 ||    37
